 Dungeon Crawl Stone Soup version 0.18.1-48-g4cf74bf (webtiles) character file.

252 Legadrian the Sneak (level 6, -6/32 HPs)
             Began as a Vine Stalker Assassin on June 22, 2016.
             Mangled by a mummy (12 damage)
             ... in an ossuary on June 24, 2016.
             The game lasted 00:29:40 (2658 turns).

Legadrian the Sneak (Vine Stalker Assassin)         Turns: 2658, Time: 00:29:41

Health: -6/32      AC: 11    Str: 15    XL:     6   Next: 13%
Magic:  0/7        EV:  2    Int: 11    God:
Gold:   114        SH: 11    Dex: 16    Spells: 0 memorised, 5 levels left

rFire  . . .     SeeInvis .     z - +0 hand axe (freeze)
rCold  . . .     Gourm    .     o - +0 chain mail
rNeg   . . .     Faith    .     w - +0 large shield
rPois  .         Spirit   +     (no helmet)
rElec  .         Dismiss  .     d - +0 cloak
rCorr  .         Reflect  .     x - +0 pair of gloves
SustAt .         Harm     .     t - +0 pair of boots
MR     .....                    (no amulet)
Stlth  ..........               (no ring)
                                (no ring)

@: not resistant to hostile enchantments, extremely unstealthy
A: fangs 2, regeneration 2, magic shield, antimagic bite, no device heal 3, rot
immunity
a: no special abilities


You were in an ossuary.
You were not hungry.

You visited 1 branch of the dungeon, and saw 4 of its levels.
You also visited: Ossuary.

You collected 114 gold pieces.

Inventory:

Hand Weapons
 b - a +0 blowgun
 z - a +0 hand axe of freezing (weapon)
Missiles
 e - 7 poisoned needles
 f - 2 curare-tipped needles
 k - 86 stones (quivered)
Armour
 c - a +0 robe
 d - a +0 cloak (worn)
 i - a +0 swamp dragon armour
 o - a +0 chain mail (worn)
 t - a +0 pair of boots (worn)
 w - a +0 large shield (worn)
 x - a +0 pair of gloves (worn)
Potions
 a - a potion of degeneration {unknown}
 l - a potion of cancellation
 n - a potion of heal wounds {unknown}
 q - a potion of flight {unknown}
Comestibles
 g - 2 bread rations
 h - 3 fruits
 m - 2 beef jerkies
 r - a slice of pizza
 u - 2 meat rations


   Skills:
 + Level 2.5 Fighting
   Level 2.1 Short Blades
 + Level 0.5 Axes
 + Level 2.2 Throwing
 + Level 1.9 Armour
 + Level 1.9 Dodging
 + Level 6.2 Stealth
 + Level 1.1 Shields


You had 5 spell levels left.
You didn't know any spells.

Dungeon Overview and Level Annotations

Branches:
Dungeon (4/15)
 Temple: D:4-7

Altars:
Kikubaaqudgha
Pakellas

Shops:
D:4 [!


Innate Abilities, Weirdness & Mutations

You have extremely sharp teeth.
You heal very quickly.
When hurt, damage is shared between your health and your magic reserves.
Your bite disrupts and absorbs the magic of your enemies.
Potions and wands cannot restore your health.
You are immune to rotting.


Message History

The orc zombie hits you but does no damage.
You block the human zombie's attack.
The centaur zombie completely misses you.
The mummy hits you but does no damage.
Your shield and chain mail prevent you from hitting the centaur zombie.
You hit the mummy but do no damage.
The mummy is heavily damaged.
You hit the orc zombie. You hit the human zombie.
The sentinel's mark upon you fades away.
You block the centaur zombie's attack. You block the orc zombie's attack.
The human zombie hits you but does no damage.
The centaur zombie hits you but does no damage.
The orc zombie hits you but does no damage.
You hit the centaur zombie. You hit the human zombie. You hit the orc zombie.
Your shield and chain mail prevent you from hitting the mummy.
The mummy is heavily damaged.
You block the centaur zombie's attack. The human zombie hits you.
* * * LOW HITPOINT WARNING * * *
The mummy hits you!
You die...

#...##############.,,*
#...#,,,,#...#,,,*,,,*
#...#,***#...#,,,*,,,*
#...#,,,,....+####,,,*
#...#****#.∩.....#,,,*
#...#,,,,#.......#,,,*
#...#,*,,#.......#,,,*
#...#Z####M......#,,,*
#...#ZZZZ@ZZ.....#,,,*
#...#Z####ZZ####.#,,,*
#...#,*,,#ZZ#,,*,*,,,*
#...#,,,,#Z.#,,,,*,,,*
#...######..######.,,*
#..................,,*
#........8..8......,,*
#..................,,*
#..................,,*


You could see a mummy, 2 adder zombies, a jackal zombie, a hobgoblin zombie, 3
kobold zombies, 4 orc zombies, a centaur zombie and a human zombie.

Vanquished Creatures
  A hound (D:4)
  2 iguanas (D:4)
  A mummy (Ossuary)
  A gnoll (D:1)
  4 adders
  2 oozes (D:1)
  4 worms
  2 dart slugs
  3 giant geckos
  10 orcs (D:3)
  A ball python (D:3)
  2 giant cockroaches
  3 goblins (D:1)
  6 hobgoblins
  6 jackals (D:1)
  7 kobolds
  2 quokkas (D:2)
  6 bats
  2 giant newts
  4 hobgoblin zombies (Ossuary)
  8 kobold zombies (Ossuary)
  3 orc zombies (Ossuary)
  6 rats
  A rat zombie (Ossuary)
87 creatures vanquished.

Notes
Turn   | Place    | Note
--------------------------------------------------------------
     0 | D:1      | Legadrian the Vine Stalker Assassin began the quest for the Orb.
     0 | D:1      | Reached XP level 1. HP: 11/11 MP: 2/2
    33 | D:1      | Reached skill level 5 in Stealth
    57 | D:1      | Reached XP level 2. HP: 15/15 MP: 3/3
   246 | D:1      | Reached skill level 1 in Dodging
   385 | D:1      | Reached XP level 3. HP: 12/18 MP: 4/4
   416 | D:1      | Upgraded the game from 0.18.1-47-g9310371 to 0.18.1-48-g4cf74bf
   669 | D:1      | Reached skill level 6 in Stealth
   823 | D:2      | Reached XP level 4. HP: 14/23 MP: 3/5
  1769 | D:3      | Found an oddly glowing altar of Pakellas.
  1895 | D:3      | Reached XP level 5. HP: 24/26 MP: 6/6
  2066 | D:3      | Found an ancient bone altar of Kikubaaqudgha.
  2157 | D:3      | Reached skill level 1 in Armour
  2400 | D:4      | HP: 1/26 [iguana (9)]
  2504 | D:4      | Found Fyroimom's Distillery.
  2506 | D:4      | Found Fidachyci's Armour Emporium.
  2558 | D:4      | Reached skill level 1 in Shields
  2558 | D:4      | Gained mutation: You heal very quickly. [Vine Stalker growth]
  2558 | D:4      | Reached XP level 6. HP: 28/32 MP: 7/7
  2569 | D:4      | Found a sand-covered staircase.
  2576 | Ossuary  | Entered an ossuary
  2658 | Ossuary  | Mangled by a mummy

Skill      XL: |  1  2  3  4  5 |
---------------+----------------+-----
Stealth        | 5 6 |  6.2
Dodging        | 1 |  1.9
Throwing       | 2 |  2.2
Fighting       | 2 |  2.5
Short Blades   | 2 |  2.1
Armour         | 1 |  1.9
Shields        | 1 |  1.1
Axes           | |  0.5

Action                   |  1- 3 |  4- 6 || total
-------------------------+-------+-------++-------
Melee: Dagger            |    87 |    39 ||   126
       Bite              |    28 |    73 ||   101
       Short sword       |       |    97 ||    97
       Hand axe          |       |    81 ||    81
 Fire: Blowgun           |     9 |       ||     9
Throw: Stone             |       |     1 ||     1
  Use: Potion            |     2 |       ||     2
       Scroll            |     3 |    11 ||    14
 Stab: Sleeping          |     1 |       ||     1
  Eat: Chunk             |       |     6 ||     6
Armor: Robe              |    18 |       ||    18
       Chain mail        |    13 |   121 ||   134
       Swamp dragon armo |     9 |       ||     9
Dodge: Dodged            |    53 |    31 ||    84
Block: Large shield      |       |    85 ||    85
